 Dungeon Crawl Stone Soup version 0.28.0-49-g6dfe1f597d (webtiles) character file.

Game seed: 562837819118214677

2 101zpm the Magician (level 1, -1/15 HPs)
             Began as a Djinni Fire Elementalist on May 15, 2022.
             Slain by a hobgoblin (3 damage)
             ... led by Robin
             ... on level 2 of the Dungeon.
             The game lasted 00:00:46 (84 turns).

101zpm the Magician (Djinni Fire Elementalist)        Turns: 84, Time: 00:00:47

Health: -1/15      AC:  2    Str:  7    XL:     1   Next: 44%
Gold:   10         EV: 12    Int: 16    God:
                   SH:  0    Dex: 13

rFire   + + .      SeeInvis .   (no weapon)
rCold   x . .      Faith    .   (no shield)
rNeg    . . .      Spirit   .   a - +0 robe
rPois   ∞          Reflect  .   (no helmet)
rElec   .          Harm     .   (no cloak)
rCorr   .          Rampage  .   (no gloves)
Will    .....                   (boots unavailable)
Stlth   ++........              (no amulet)
HPRegen 0.05/turn               (no ring)
MPRegen 0.00/turn               (no ring)

@: flying
A: sickness immunity, fire resistance 2, cold vulnerability 1, float, innate
caster, HP casting, extra vitality 1
a: no special abilities


You were on level 2 of the Dungeon.
You visited 1 branch of the dungeon, and saw 2 of its levels.

You collected 10 gold pieces.

Inventory:

Armour
 a - a +0 robe (worn)
Potions
 b - a potion of lignification {unknown}


   Skills:
 + Level 2.2 Dodging
 + Level 1.6 Stealth
 + Level 2.5 Spellcasting


You couldn't memorise any spells.
You knew the following spells:

 Your Spells              Type           Power      Damage    Failure   Level
a - Foxfire               Conj/Fire      40%        2x1d6     7%          1
b - Scorch                Fire           20%        2d6       11%         2
c - Conjure Flame         Conj/Fire      10%        6-21      21%         3
d - Inner Flame           Hex/Fire       10%        N/A       21%         3
e - Flame Wave            Conj/Fire      10%        2d5       56%         4
Your spell library was empty.

Dungeon Overview and Level Annotations

Branches:
Dungeon (2/15)

Altars:


Innate Abilities, Weirdness & Mutations

You are immune to sickness and miasma.
You are immune to poison.
Your flesh is very heat resistant. (rF++)
You are vulnerable to cold. (rC-)
You float through the air rather than walking.
You learn spells naturally, not from books.
Your magical power is your life essence.
You have superior vitality. (+4 MHP)


Message History

Press: ? - help, Q - select action, (/) - cycle Dir - look around, f - activate You conjure some foxfire!
Your foxfire dissipates!
The foxfire hits the goblin.
The goblin is moderately wounded.
Casting: Foxfire (safe; 7% risk of failure)
Press: ? - help, Q - select action, (/) - cycle Dir - look around, f - activate You conjure some foxfire!
The foxfire hits the goblin.
The goblin is severely wounded.
The foxfire hits the goblin.
You kill the goblin!
Casting: Foxfire (safe; 7% risk of failure)
Press: ? - help, Q - select action, (/) - cycle Dir - look around, f - activate You conjure some foxfire!
The foxfire hits the hobgoblin.
The hobgoblin is severely wounded.
Casting: Foxfire (safe; 7% risk of failure)
Confirm with . or Enter, or press ? or * to list all spells.
You aren't experienced enough to cast this spell.
You barely miss the hobgoblin.
The hobgoblin is severely wounded.
The goblin hits you with a +0 dagger.
You hit the hobgoblin but do no damage.
The hobgoblin is severely wounded.
The hobgoblin closely misses you. The goblin closely misses you.
You hit the hobgoblin but do no damage.
The hobgoblin is severely wounded.
The hobgoblin barely misses you. The goblin hits you with a +0 dagger.
You hit the hobgoblin but do no damage.
The hobgoblin is severely wounded.
The hobgoblin closely misses you. The goblin hits you with a +0 dagger.
* * * LOW HITPOINT WARNING * * *
You hit the hobgoblin but do no damage.
The hobgoblin is severely wounded.
The hobgoblin closely misses you. The goblin hits you but does no damage.
You barely miss the hobgoblin.
The hobgoblin is severely wounded.
The hobgoblin hits you.
You die...

######ggg
#g)..ggg.
#g#####
#@g...#
#####.#
#.# #.#
#.####
#########
#....#
#.......#
###.##
#.<.....#
#.#
#.......#
#.#


You could see 2 hobgoblins and a goblin.

Vanquished Creatures
  2 goblins (D:2)
2 creatures vanquished.

Vanquished Creatures (others)
  7 foxfires (D:2)
7 creatures vanquished.

Grand Total: 9 creatures vanquished

Notes
Turn   | Place    | Note
-------+----------+-------------------------------------------
     0 | D:1      | 101zpm the Djinni Fire Elementalist began the quest for the
                  | Orb.
     0 | D:1      | Reached XP level 1. HP: 15/15 MP: 0/0
    84 | D:2      | Slain by a hobgoblin

Illustrated notes

Levels and vault maps discovered:
D:1:      dpeg_arrival_simpleton_b, layout_loops_ring, serial_shops, shop,
          shapermc_ecumenical_altar_acropolis
D:2:      layout_basic, uniq_robin, uniq_terence

Action                   || total
-------------------------++-------
Melee: Unarmed           ||     6
 Cast: Foxfire           ||     7
Armor: Robe              ||     1
Dodge: Dodged            ||     6
